Unix NetHack Version 5.0.0-0 post-release - last build Jun 10 2026 00:39:30 (3ee93aec679c4c4259841fe613dc97188e26a321,branch:main).

Game began 2026-05-16 22:24:26, ended 2026-06-22 03:23:20.

Chenkar, lawful female dwarven Valkyrie

                                                            --------------
            ---------                                       |............|
            |..+....|                                       |............|
           #-.......|                                       |............|
           #|........                                      #-......<.....|
           #|.>.....|                                      #-.----------.-
           #|.......|                                                   #
           #-.-------                                                 ###
           # #                                                         ##
           # ##                                                         #
           #  #                                             ------------|-
           #  #                                        #####.............|
        ###0  #                                       f###  |............|
 -----  #     ##                              #        @    |............|
 |...|  #    --.----------#    #              ########f#    --------------
 |....#######.............######################
 |...|       |...........|#
 -----       -------------

Chenkar the Fighter         St:14 Dx:11 Co:20 In:10 Wi:9 Ch:8  Lawful
Dlvl:8  $:136 HP:0(73) Pw:6(6) AC:0  Xp:6 T:3580  Satiated

Latest messages:
 The pony bites!
 You miss the pony.
 The pony kicks!
 The pony bites!
 You hit the pony!
 The pony kicks!
 The pony bites!
 You kill the pony!
 You see here a scale mail.
 U - a scale mail.
 Pick a monster, object or location.
 You hit the panther!
 The panther hits!
 The panther hits again!
 The panther bites!
 You miss the panther.
 The panther hits!
 The panther hits again!
 The panther bites!
 You miss the panther.
 The panther hits!
 The panther misses!
 The panther misses!
 The panther hits!
 The panther hits again!
 The panther misses!
 You miss the panther.
 The panther hits!
 The panther hits again!
 The panther bites!
 The panther hits!
 The panther misses!
 The panther bites!
 You hit the panther!
 The panther hits!
 The panther hits again!
 The panther misses!
 You hit the panther!
 The panther hits!
 The panther hits again!
 The panther bites!
 The panther hits!
 The panther hits again!
 The panther bites!
 You die...
 Do you want your possessions identified? [ynq] (y)
 Do you want to see your attributes? [ynq] (y)
 Do you want an account of creatures vanquished? [ynaq] (y)
 Do you want to see your conduct and achievements? [ynq] (y)
 Do you want to see the dungeon overview? [ynq] (y)

Inventory:
 Coins    ('$')
  $ - 136 gold pieces
 Weapons  (')')
  a - an uncursed +1 dwarvish spear (weapon in right hand)
  b - 5 uncursed +0 daggers
  t - an uncursed +0 long sword
  R - 3 blessed +2 daggers
 Armor    ('[')
  c - an uncursed burnt +3 small shield (being worn)
  B - an uncursed +1 mummy wrapping
  K - an uncursed +0 pair of iron shoes (being worn)
  M - an uncursed +0 dwarvish cloak (being worn)
  Q - an uncursed +0 elven mithril-coat (being worn)
  U - an uncursed +0 scale mail
 Comestibles  ('%')
  d - 4 uncursed food rations
  e - an uncursed egg
  i - an uncursed lichen corpse
  p - 2 uncursed tripe rations
  x - an uncursed tin of pureed jackal meat
  z - an uncursed orange
  A - an uncursed tin of spinach
  F - an uncursed cream pie
  I - an uncursed candy bar labeled "Fruity Oaty"
 Tools    ('(')
  k - an uncursed skeleton key
  u - an uncursed leash
  w - an uncursed towel

Chenkar the Valkyrie's attributes:

Background:
 You were a Fighter, a level 6 dwarven Valkyrie.
 You were lawful, on a mission for Tyr
 who was opposed by Odin (neutral) and Loki (chaotic).
 You were right-handed.
 You were in the Dungeons of Doom, on level 8.
 You entered the dungeon 3580 turns ago.
 It was nighttime.
 You had 421 experience points, 219 more were needed to attain level 7.

Basics:
 You had 0 out of 73 hit points.
 You had all 6 energy points (spell power).
 Your armor class was 0.
 Your wallet contained 136 zorkmids.
 Autopickup was on for '$/' plus thrown, with exceptions.

Final Characteristics:
 Your strength was 14 (peak:18/01, limit:18/100).
 Your dexterity was 11 (limit:20).
 Your constitution was 20 (limit:20).
 Your intelligence was 10 (limit:16).
 Your wisdom was 9 (limit:16).
 Your charisma was 8 (limit:16).

Final Status:
 You were satiated.
 You were unencumbered.
 You were wielding a spear.
 You had basic skill with spear and could have enhanced that.

Final Attributes:
 You were piously aligned.
 Your items were somewhat protected from fire.
 You were cold resistant.
 Your items were somewhat protected from cold.
 You were telepathic.
 You had infravision.
 You were stealthy.
 You were guarded.
 You are dead.

Miscellaneous:
 You didn't encounter any bones levels.
 Total elapsed playing time was 1 hour, 21 minutes and 6 seconds.

Major events:
 Turn
    1: Chenkar the lawful dwarven Valkyrie entered the dungeon
  406: attained the rank of Skirmisher (level 3)
  801: entered the Gnomish Mines
 1607: reached Mine Town
 3240: attained the rank of Fighter (level 6)
 3580: killed by a panther

You didn't know any spells.

Skills:
 Fighting Skills
   bare handed combat [Unskilled]
   two weapon combat  [Unskilled]
   riding             [Unskilled]
 Weapon Skills
   dagger             [Basic]
   axe                [Unskilled]
   pick-axe           [Unskilled]
   short sword        [Unskilled]
   broadsword         [Unskilled]
   long sword         [Unskilled]
   two-handed sword   [Unskilled]
   saber              [Unskilled]
   hammer             [Unskilled]
   quarterstaff       [Unskilled]
   polearms           [Unskilled]
   spear              [Basic]
   trident            [Unskilled]
   lance              [Unskilled]
   sling              [Unskilled]
 Spellcasting Skills
   attack spells      [Unskilled]
   escape spells      [Unskilled]

Voluntary challenges:
 Character rerolling was not enabled.
 You never genocided any monsters.
 You never polymorphed an object.
 You never changed form.
 You used no wishes.
Achievements:
 You attained the rank of Skirmisher.
 You entered a shop.
 You entered the Gnomish Mines.
 You entered Minetown.
 You entered a temple.
 You attained the rank of Fighter.

 The Dungeons of Doom: levels 1 to 9
    Level 1:
    Level 2:
    Level 3:
    Level 4:
       A food shop.
       Stairs down to The Gnomish Mines.
    Level 5:
    Level 6:
       A fountain, a grave.
    Level 7:
    Level 8: <- You were here.
       Final resting place for
          you, killed by a panther.
    Level 9:
 The Gnomish Mines: levels 5 to 8
    Level 5:
    Level 6:
    Level 7:
       Some shops, a temple and an altar, some fountains, a sink.
    Level 8:


Vanquished creatures:
  a watchman
  a giant spider
  a gnome ruler
  a blue jelly
  a dust vortex
  a gnome mummy
  a bugbear
  a mountain nymph
  2 rock piercers
  a rock mole
  a pony
  a fog cloud
  a shrieker
  a gnomish wizard
  2 gray oozes
  2 giant ants
  a floating eye
  2 kittens
  a dwarf
  2 homunculi
  a rothe
  5 monkeys
  3 iguanas
  a coyote
  a hobbit
  4 manes
  a large kobold
  5 giant rats
 19 gnomes
  a gnome zombie
  4 geckos
  3 jackals
  a fox
  5 kobolds
  2 goblins
  3 grid bugs
  5 bats
  2 lichens
  a kobold zombie
  2 newts
94 creatures vanquished.

No species were genocided or became extinct.

Game over:
                       ----------
                      /          \
                     /    REST    \
                    /      IN      \
                   /     PEACE      \
                  /                  \
                  |     Chenkar      |
                  |      136 Au      |
                  |   killed by a    |
                  |     panther      |
                  |                  |
                  |                  |
                  |       2026       |
                 *|     *  *  *      | *
        _________)/\\_//(\/(/\)/\//\/|_)_______

Farvel Chenkar the Valkyrie...

You died in The Dungeons of Doom on dungeon level 8 with 2217 points,
and 136 pieces of gold, after 3580 moves.
You were level 6 with a maximum of 73 hit points when you died.

